Map: Deathaura LE

Players

A.I. 1 (Elite)

  • Race: Terran Terran
  • Spawn Location: 5:00

alexia - Winner!

  • Race: Protoss Protoss
  • League: Gold
  • Spawn Location: 11:00

VOD

Have the link to the VOD?

Description

Time

  • Played on: Jan. 4, 2021, 10:56 a.m.
  • Length: 12:15
Show
View Real Time Build Order
Export as new Build Order

A.I. 1 (Elite) Terran 

Build Orders: 2 Factory, Mech 

Get SALT Encoding   

  12  0:00  SCV  
  13  0:13  SCV  
  14  0:18  Supply Depot  
  14  0:25  SCV  
  15  0:39  SCV  
  16  0:44  Barracks  
  16  0:51  SCV  
  17  1:03  SCV  
  18  1:15  SCV  
  18  1:16  Supply Depot  
  19  1:21  Refinery  
  19  1:28  SCV  
  19  1:30  Marine  
  21  1:40  SCV  
  22  1:48  Marine  
  22  1:49  Refinery  
  22  1:52  SCV  
  24  2:04  SCV  
  24  2:06  Marine  
  26  2:16  SCV  
  26  2:21  Factory  
  27  2:24  Marine  
  27  2:28  SCV  
  29  2:40  Factory, SCV  
  29  2:42  Marine  
  29  2:43  Supply Depot  
  31  2:53  Orbital Command  
  31  3:04  Marine  
  32  3:06  Factory Tech Lab  
  32  3:18  SCV  
  33  3:22  Marine  
  33  3:24  Factory Tech Lab  
  33  3:31  SCV  
  34  3:35  Barracks  
  34  3:43  SCV  
  35  3:53  Supply Depot  
  35  3:55  SCV  
  36  4:07  SCV  
  37  4:15  Siege Tank x2  
  37  4:16  Supply Depot  
  43  4:18  Engineering Bay  
  43  4:19  SCV  
  44  4:28  Barracks  
  44  4:31  SCV  
  45  4:41  Starport  
  45  4:43  SCV  
  46  4:46  Missile Turret  
  46  4:47  Missile Turret  
  46  4:55  SCV  
  47  5:00  Siege Tank  
  47  5:02  Marine  
  47  5:04  Supply Depot  
  51  5:07  SCV  
  52  5:19  Starport Tech Lab, SCV  
  53  5:26  Hellion  
  55  5:28  Supply Depot  
  55  5:29  Barracks Tech Lab, Command Center  
  55  5:32  Hellion  
  57  5:38  Raven  
  59  5:46  Infernal Pre-Igniter  
  59  5:47  Siege Tank  
  62  5:53  Hellion  
  62  5:55  Supply Depot  
  64  6:05  Armory  
  64  6:15  Hellion  
  66  6:30  Hellion  
  68  6:36  Hellion  
  70  6:41  SCV x2  
  72  6:51  Refinery  
  72  6:52  Terran Vehicle And Ship Armor Level 1  
  72  6:53  SCV  
  72  6:54  SCV  
  74  6:55  Refinery, Command Center  
  74  7:02  Armory  
  74  7:05  SCV  
  74  7:06  SCV  
  76  7:17  SCV  
  76  7:18  SCV  
  78  7:26  Factory  
  78  7:29  SCV  
  79  7:30  Siege Tank, SCV  
  79  7:34  Supply Depot  
  83  7:41  Siege Tank, SCV  
  83  7:42  SCV  
  88  7:49  Terran Vehicle Weapons Level 1  
  88  8:02  Missile Turret, Thor  
  88  8:05  Supply Depot  
  94  8:07  SCV x2  
  94  8:08  SCV  
  97  8:14  Marauder  
  97  8:15  Factory Tech Lab, Refinery, Marine  
  97  8:18  Marine  
  97  8:19  SCV  
  101  8:21  SCV  
  101  8:23  SCV  
  103  8:31  SCV  
  103  8:33  Marine, SCV  
  106  8:35  Marauder, SCV  
  106  8:36  Marine  
  106  8:38  Supply Depot  
  110  8:43  SCV  
  110  8:45  SCV  
  110  8:47  SCV  
  113  8:51  Marine  
  113  8:54  Marine  
  115  8:55  SCV  
  115  8:57  Marauder, SCV  
  115  9:00  SCV  
  120  9:03  Supply Depot  
  120  9:07  SCV  
  120  9:08  Ghost Academy  
  120  9:09  Marine  
  122  9:12  SCV, Marine  
  122  9:14  SCV  
  125  9:17  Stimpack  
  125  9:18  Marauder  
  125  9:20  SCV  
  128  9:27  Terran Infantry Weapons Level 1  
  128  9:28  Supply Depot  
  128  9:35  Engineering Bay  
  128  9:40  Marauder  
  130  9:48  Marine  
  130  9:49  Marine  
  130  9:51  Supply Depot  
  132  9:59  Refinery  
  132  10:00  Ghost  
  132  10:06  Marine  
  135  10:07  Marine  
  135  10:09  Orbital Command  
  135  10:12  Thor  
  135  10:14  Missile Turret  
  142  10:16  Supply Depot  
  142  10:17  Missile Turret  
  142  10:19  Siege Tank  
  145  10:24  SCV x2  
  146  10:29  Marauder  
  148  10:36  Missile Turret, SCV  
  148  10:37  Missile Turret, Thor  
  148  10:41  Supply Depot  
  149  10:51  Siege Tank, Marauder, Marine  
  149  10:53  Marine  
  92  11:09  Marine, SCV x2  
  92  11:10  SCV  
  92  11:11  Marine  
  83  11:12  Marauder  
  62  11:20  Siege Tank  
  62  11:21  SCV x2  
  62  11:22  SCV  
  62  11:23  Hellion  
  54  11:27  Marine  
  54  11:29  Marine  
  46  11:34  Marauder  
  15  12:02  Ghost Academy  
Show
View Real Time Build Order
Export as new Build Order

alexia Protoss - Winner!

Build Orders: 1 Gate Expand, Archon Immortal 

Get SALT Encoding   

  12  0:00  Probe  
  13  0:12  Probe  
  14  0:19  Pylon  
  14  0:24  Probe (Chrono Boost)  
  15  0:37  Probe (Chrono Boost)  
  15  0:38  Gateway  
  16  0:46  Probe (Chrono Boost)  
  16  0:48  Assimilator  
  17  0:51  Probe  
  18  1:03  Probe  
  19  1:15  Probe  
  20  1:25  Nexus  
  20  1:35  Cybernetics Core  
  20  1:37  Probe  
  21  1:43  Assimilator  
  21  1:50  Probe  
  21  1:54  Pylon  
  21  2:02  Probe  
  22  2:12  Adept  
  22  2:14  Probe  
  25  2:20  Robotics Facility  
  25  2:24  Warp Gate  
  25  2:26  Probe  
  26  2:39  Probe x2 (Chrono Boost)  
  26  2:42  Stalker  
  30  2:48  Probe (Chrono Boost)  
  30  2:49  Probe (Chrono Boost)  
  32  2:53  Probe (Chrono Boost)  
  32  2:54  Probe (Chrono Boost)  
  34  3:04  Probe  
  35  3:06  Probe  
  35  3:08  Observer  
  35  3:12  Stalker  
  39  3:14  Gateway  
  39  3:19  Gateway  
  39  3:20  Probe  
  39  3:24  Probe  
  41  3:29  Pylon  
  41  3:32  Probe  
  41  3:34  Assimilator  
  42  3:37  Assimilator  
  42  3:38  Probe  
  43  3:44  Probe  
  44  3:50  Probe  
  44  3:51  Immortal  
  44  3:55  Pylon  
  49  3:59  Probe  
  50  4:04  Probe, Twilight Council  
  51  4:11  Probe  
  51  4:14  Forge  
  51  4:17  Probe  
  53  4:23  Probe  
  54  4:31  Immortal  
  58  4:35  Stalker x2  
  62  4:41  Pylon  
  62  4:43  Charge  
  62  4:46  Protoss Ground Weapons Level 1 (Chrono Boost)  
  62  4:59  Probe x2  
  64  5:07  Stalker x2  
  66  5:11  Probe x2  
  70  5:18  Pylon  
  70  5:28  Nexus  
  70  5:30  Pylon  
  70  5:33  Templar Archives  
  70  5:36  Probe x2  
  70  5:41  Zealot x2  
  76  5:45  Pylon  
  76  5:48  Probe x2  
  78  5:55  Gateway  
  78  5:57  Gateway  
  78  6:00  Probe x2  
  78  6:04  Immortal  
  84  6:10  Zealot x2  
  88  6:12  Probe  
  88  6:16  Gateway  
  89  6:19  Probe  
  90  6:30  Probe  
  91  6:33  Pylon  
  91  6:38  Probe (Chrono Boost)  
  92  6:41  Pylon, Probe (Chrono Boost)  
  92  6:43  Immortal, Probe (Chrono Boost)  
  92  6:46  Pylon  
  98  6:50  Probe (Chrono Boost)  
  98  6:51  Probe (Chrono Boost)  
  98  6:52  Protoss Ground Weapons Level 2 (Chrono Boost), High Templar x2  
  98  6:53  High Templar x2  
  98  6:54  Probe (Chrono Boost)  
  107  7:01  Archon x2  
  108  7:05  Pylon  
  108  7:06  Pylon  
  108  7:11  High Templar  
  108  7:12  Shield Battery  
  108  7:15  High Templar  
  112  7:20  Archon, Probe  
  113  7:23  Assimilator  
  113  7:26  High Templar x2  
  113  7:27  Assimilator  
  113  7:29  Zealot x2  
  121  7:31  Archon  
  121  7:37  Immortal  
  121  7:41  Gateway  
  121  7:43  Gateway  
  125  7:48  Zealot x2  
  129  7:52  Probe  
  129  7:56  High Templar x2, Nexus  
  129  7:58  Pylon  
  134  8:01  Archon  
  134  8:03  Zealot x2  
  138  8:09  Probe  
  138  8:11  Probe  
  138  8:12  Pylon  
  140  8:16  Gateway  
  140  8:17  Robotics Facility  
  140  8:18  Probe, Psionic Storm  
  141  8:21  Probe  
  141  8:26  Probe  
  143  8:30  Shield Battery, Probe  
  143  8:33  Shield Battery  
  143  8:34  Probe  
  145  8:42  Pylon  
  145  8:48  High Templar x3  
  149  8:53  High Templar, Probe  
  149  8:54  Pylon, Probe x2  
  156  8:58  Pylon  
  156  9:00  Forge  
  156  9:04  Pylon  
  156  9:06  Warp Prism, Probe  
  156  9:08  Pylon  
  159  9:10  Immortal  
  159  9:13  Probe x2  
  165  9:21  Pylon  
  165  9:23  Probe  
  166  9:29  Assimilator  
  166  9:30  High Templar x2  
  166  9:31  Assimilator  
  170  9:32  Pylon, Zealot x3  
  170  9:33  Zealot  
  170  9:34  Zealot  
  170  9:37  Protoss Ground Armor Level 1 (Chrono Boost)  
  180  9:40  Zealot x2  
  184  9:47  Probe  
  184  9:50  Gateway  
  185  9:55  Observer x2  
  187  10:03  High Templar  
  187  10:04  High Templar  
  191  10:09  Archon  
  191  10:15  Probe  
  192  10:22  Photon Cannon  
  192  10:24  Photon Cannon  
  192  10:26  Photon Cannon  
  192  10:28  Photon Cannon  
  192  10:30  Photon Cannon  
  192  10:31  Nexus  
  192  10:33  Pylon  
  192  10:34  Pylon, Photon Cannon  
  192  10:42  Zealot  
  192  10:43  Zealot x3  
  192  10:44  Zealot, Photon Cannon  
  192  10:49  Photon Cannon  
  164  11:03  High Templar  
  164  11:04  High Templar x3  
  164  11:05  High Templar x2  
  164  11:06  Zealot x2  
  164  11:07  Zealot x2  
  164  11:09  Archon x2  
  164  11:10  Archon  
  164  11:11  Immortal x2 (Chrono Boost)  
  181  11:24  Probe  
  182  11:29  Gateway  
  182  11:30  Gateway  
  182  11:32  Gateway  
  181  11:34  Gateway  
  181  11:37  High Templar, Gateway  
  181  11:38  High Templar x3, Gateway  
  181  11:39  Gateway  
  185  11:40  Zealot x4  
  185  11:41  Zealot x2  
  185  11:42  Photon Cannon  
  185  11:43  Archon x2, Photon Cannon  
  185  11:45  Photon Cannon  
Tags
 
Add a new tag
Caveats
  • Supply blocks, unpowered buildings, or Contaminate may cause inaccurate times.
  • Supply counts are checked every 10 seconds.